 Dungeon Crawl Stone Soup version 0.14-a0-1876-g927fc3a (webtiles) character file.

17350 Jenx the Severer (level 12, 0/106 HPs)
             Began as a Minotaur Fighter on Jan 14, 2014.
             Was a High Priest of Okawaru.
             Slain by a ten-headed hydra (2 damage)
             ... on Level 3 of the Lair of Beasts.
             The game lasted 00:47:39 (12707 turns).

Jenx the Severer (Minotaur Fighter)                Turns: 12707, Time: 00:47:39

HP   0/106       AC 18     Str 22      XL: 12   Next: 14%
MP  15/15        EV  4     Int  5      God: Okawaru [*****.]
Gold 417         SH 20     Dex 14      Spells:  0 memorised, 11 levels left

rFire  + . .     SeeInvis +     a - +1 orc broad axe
rCold  . . .     Clarity  .     x - +0 orc plate armour
rNeg   . . .     Conserve .     c - +0 shield
rPois  +         rCorr    .     (helmet restricted)
rElec  .         rRot     .     Y - +0 cloak
SustAb . .       Spirit   .     (no gloves)
rMut   .         Warding  .     h - +1 pair of dwarf boots
Gourm  +         Stasis   .     q - amulet of the gourmand
MR     ++...                    S - ring of Lufuz {+Rage +Fly rPois rF+ MR+ SInv}
                                t - ring of invisibility

@: invisible, very slightly contaminated, very resistant to hostile
enchantments, extremely unstealthy
A: retaliatory headbutt, horns 2
a: Heroism, Finesse, Renounce Religion, Evoke Berserk Rage, Evoke Flight


You were on level 3 of the Lair of Beasts.
You worshipped Okawaru.
Okawaru was extremely pleased with you.
You were not hungry.

You visited 4 branches of the dungeon, and saw 16 of its levels.

You collected 900 gold pieces.
You spent 483 gold pieces at shops.

Inventory:

Hand weapons
 a - a +1,+1 orcish broad axe (weapon)
 b - a +0 blowgun
Missiles
 u - 7 curare-tipped needles
 U - 7 javelins (quivered)
Armour
 c - a +0 shield (worn)
 h - a +1 pair of dwarven boots (worn)
 x - a +0 orcish plate armour (worn)
 Y - a +0 cloak (worn)
Magical devices
 f - a wand of hasting (4)
 p - a wand of flame (14)
 v - a wand of cold (6) {unknown}
 w - a wand of lightning (2)
 K - a wand of heal wounds (9)
 O - a wand of polymorph (11)
 Q - a wand of invisibility (4)
Comestibles
 d - 7 bread rations
 A - 7 bananas
 F - 3 chunks of yak flesh
 M - 6 pears
Scrolls
 e - a scroll of amnesia
 g - 3 scrolls of remove curse
 n - 7 scrolls of teleportation
 s - a scroll of identify
 y - a scroll of blinking
 E - a scroll of fog {unknown}
 V - 3 scrolls of fear
Jewellery
 q - an amulet of the gourmand (around neck)
 t - a ring of invisibility (left hand)
 B - a +4 ring of strength
 S - the ring of Lufuz (right hand) {+Rage +Fly rPois rF+ MR+ SInv}
   (You found it on level 1 of the Lair of Beasts)

   [ring of protection from fire]

   It protects you from poison.
   It affects your resistance to hostile enchantments.
   It enhances your eyesight.
   It lets you fly.
   It lets you go berserk.
Potions
 i - a potion of agility
 k - 2 potions of resistance
 l - 5 potions of curing
 m - 4 potions of mutation {unknown}
 o - a potion of magic {unknown}
 r - a potion of paralysis {unknown}
 z - 2 potions of speed {unknown}
 C - 3 potions of restore abilities {unknown}
 D - 5 potions of heal wounds
 G - a potion of degeneration {unknown}
 I - a potion of flight {unknown}
 N - a potion of poison {unknown}
Books
 j - a book of Changes

   Spells                             Type                      Level
   Beastly Appendage                  Transmutation                1
   Sticks to Snakes                   Transmutation                2
   Spider Form                        Transmutation/Poison         3
   Ice Form                           Ice/Transmutation            4
   Blade Hands                        Transmutation                5


   Skills:
 - Level 10.0 Fighting
 - Level 16.8 Axes
 - Level 10.2 Armour
 - Level 3.6 Shields
 + Level 5.1 Invocations
 + Level 5.0 Evocations


You had 11 spell levels left.
You didn't know any spells.

Dungeon Overview and Level Annotations

Branches:
Dungeon (11/16)            Temple (1/1) D:7             Orc (1/4) D:9
   Lair (3/8) D:11          Snake (0/5) Lair:3
  Swamp: Lair:3-6    Shoals: Lair:3-6    Spider: Lair:3-6

Altars:
Ashenzari
Cheibriados
Elyvilon
Fedhas
Kikubaaqudgha
Makhleb
Nemelex Xobeh
Okawaru
Sif Muna
Trog
Vehumet
Xom
Yredelemnul
Zin
the Shining One

Shops:
D:4 =   D:8 [   D:9 [


Innate Abilities, Weirdness & Mutations

You reflexively headbutt those who attack you in melee.
You have a pair of horns on your head.


Message History

You block the nine-headed hydra's attack.
The nine-headed hydra bites you! The nine-headed hydra bites you.
The nine-headed hydra bites you.
The nine-headed hydra barely misses you.
The nine-headed hydra bites you but does no damage.
You strike the helpless nine-headed hydra from behind!
You chop one of the nine-headed hydra's heads off!
The eight-headed hydra grows two more!
You slash the ten-headed hydra!
Your headbutt misses the ten-headed hydra.
The ten-headed hydra is heavily wounded.
The ten-headed hydra bites you!
* * * LOW HITPOINT WARNING * * *
The ten-headed hydra barely misses you. The ten-headed hydra bites you!
* * * LOW HITPOINT WARNING * * *
The ten-headed hydra bites you.
* * * LOW HITPOINT WARNING * * *
The ten-headed hydra bites you!
* * * LOW HITPOINT WARNING * * *
The ten-headed hydra bites you.
You die...

......)..........
..................
...................
....................
.....................
.....................
.....................
.....................#
........@D..........#
...................##
.................##
...............###
#..###.######### ## ##


You could see a ten-headed hydra.

Vanquished Creatures
  A hydra (D:11)
  Urug (D:10)
  Nergalle (D:10)
  A hill giant (D:10)
  2 cyclopes (D:11)
  Maurice (D:8)
  A black mamba (Lair:2)
  An item mimic (D:10)
  A komodo dragon (Lair:2)
  A fire drake (Lair:3)
  A troll (D:9)
  A boulder beetle (D:10)
  A trapdoor spider (D:10)
  Eustachio (D:10)
  A hippogriff (Lair:2)
  2 wandering mushrooms (D:9)
  25 yaks
  2 manticores (D:9)
  A wyvern (D:11)
  A deep elf fighter (D:11)
  A shark (D:9)
  3 nagas (Lair:3)
  Purgy (D:3)
  2 sky beasts
  An ice beast (D:9)
  4 black bears
  5 orc warriors
  2 porcupines
  4 phantoms
  4 crocodiles
  A deep dwarf (D:8)
  4 centaurs
  2 big kobolds
  4 ogres
  4 water moccasins
  6 giant frogs
  A gnoll sergeant (D:6)
  Blork the orc (D:6)
  A cyclops zombie (D:11)
  4 agate snails
  A manticore skeleton (D:7)
  2 electric eels (D:9)
  3 killer bees (D:9)
  A troll zombie (D:7)
  3 crimson imps
  A quasit (D:9)
  A giant frog zombie (D:9)
  2 goliath beetles
  12 orc priests
  8 hounds
  4 jellies
  3 giant frog skeletons
  A scorpion (D:7)
  16 orc wizards
  A spectral orc (D:10)
  8 worker ants
  3 sheep (D:11)
  3 iguanas
  Ijyb (D:7)
  2 worker ant zombies
  11 gnolls
  3 green rats
  18 adders
  3 giant centipedes
  6 worms
  4 giant geckos
  An ooze (D:5)
  74 orcs
  27 bats
  A bat skeleton (D:4)
  A bat zombie (D:7)
  3 giant cockroaches
  13 goblins
  17 hobgoblins
  7 jackals
  7 giant newts
  A giant spore (D:6)
  A hobgoblin zombie (D:7)
  23 kobolds
  An orc skeleton (D:5)
  An orc zombie (D:6)
  3 quokkas
  29 rats
  6 ballistomycetes
  A fungus (Lair:1)
440 creatures vanquished.

Vanquished Creatures (others)
  Edmund (D:8)
  A giant spore (D:8)
  A wandering mushroom (D:9)
  A fungus (D:9)
4 creatures vanquished.

Grand Total: 444 creatures vanquished

Notes
Turn   | Place    | Note
--------------------------------------------------------------
     0 | D:1      | Jenx, the Minotaur Fighter, began the quest for the Orb.
     0 | D:1      | Reached XP level 1. HP: 19/19 MP: 1/1
     8 | D:1      | Noticed an ogre
   135 | D:1      | Reached XP level 2. HP: 15/26 MP: 1/1
   258 | D:1      | Found a glowing golden altar of the Shining One.
   581 | D:1      | Reached skill level 4 in Axes
   778 | D:2      | Reached XP level 3. HP: 29/31 MP: 2/2
   922 | D:2      | Reached skill level 5 in Axes
  1011 | D:2      | Found a snail-covered altar of Cheibriados.
  1011 | D:2      | Found a basalt altar of Yredelemnul.
  1076 | D:2      | Reached XP level 4. HP: 39/39 MP: 2/2
  1619 | D:3      | Noticed Purgy
  1641 | D:3      | Killed Purgy
  1641 | D:3      | Reached skill level 7 in Axes
  1641 | D:3      | Reached XP level 5. HP: 31/45 MP: 2/2
  1760 | D:3      | Found a sparkling altar of Nemelex Xobeh.
  2023 | D:4      | Found Klipp's Jewellery Shoppe.
  2038 | D:4      | Noticed an ogre
  2045 | D:4      | Killed an ogre
  2045 | D:4      | Reached XP level 6. HP: 31/51 MP: 3/3
  2337 | D:4      | Reached skill level 8 in Axes
  2532 | D:4      | Found an ancient bone altar of Kikubaaqudgha.
  2537 | D:4      | Reached skill level 9 in Axes
  2605 | D:4      | Reached XP level 7. HP: 53/57 MP: 3/3
  2626 | D:4      | Found a sparkling altar of Nemelex Xobeh.
  2796 | D:4      | Noticed a phantom
  2836 | D:4      | Killed a phantom
  2991 | D:5      | Entered Level 5 of the Dungeon
  3011 | D:5      | Reached skill level 10 in Axes
  3634 | D:5      | Reached skill level 5 in Fighting
  3705 | D:6      | Found a blossoming altar of Fedhas.
  3885 | D:6      | Found a glowing silver altar of Zin.
  3888 | D:6      | Reached XP level 8. HP: 69/73 MP: 3/3
  4244 | D:6      | Noticed Blork the orc
  4253 | D:6      | Killed Blork the orc
  4611 | D:7      | Got a pitted crossbow
  4634 | D:7      | Identified the +6,+6 crossbow "Xobuk" {flame, Str+3} (You found it on level 7 of the Dungeon)
  4659 | D:7      | Found a staircase to the Ecumenical Temple.
  4669 | Temple   | Entered the Ecumenical Temple
  4929 | D:7      | Reached skill level 10 in Fighting
  4967 | D:7      | Found a shattered altar of Ashenzari.
  5042 | D:7      | Noticed Ijyb
  5049 | D:7      | Killed Ijyb
  5127 | D:7      | Reached XP level 9. HP: 85/85 MP: 4/4
  5402 | D:8      | Found a deep blue altar of Sif Muna.
  5481 | D:8      | Reached skill level 11 in Axes
  5482 | D:8      | Found Xyucam's Antique Armour Boutique.
  5489 | D:8      | Bought a pair of dwarven boots for 45 gold pieces
  5582 | D:8      | Noticed Maurice
  5598 | D:8      | Killed Maurice
  5709 | D:8      | Identified a scroll of acquirement
  5716 | D:8      | Found an iron altar of Okawaru.
  5735 | D:8      | Became a worshipper of Warmaster Okawaru
  5855 | D:8      | Reached skill level 12 in Axes
  5981 | D:8      | Noticed Edmund
  5991 | D:8      | Killed Edmund
  6387 | D:9      | Reached skill level 13 in Axes
  6421 | D:9      | Acquired Okawaru's first power
  6989 | D:9      | Found a staircase to the Orcish Mines.
  6994 | D:9      | Reached XP level 10. HP: 71/93 MP: 3/4
  7014 | D:9      | Reached skill level 14 in Axes
  7345 | D:9      | Found Hed Smipsu's Antique Armour Boutique.
  7710 | Orc:1    | Entered Level 1 of the Orcish Mines
  7916 | Orc:1    | Reached skill level 15 in Axes
  8540 | D:9      | Bought a faintly humming scale mail for 438 gold pieces
  8560 | D:9      | Identified the cursed -2 scale mail "Khiu" {+Rage +Fly MR++} (You bought it in a shop on level 9 of the Dungeon)
  9180 | D:10     | Entered Level 10 of the Dungeon
  9193 | D:10     | Noticed a hill giant
  9203 | D:10     | Killed a hill giant
  9203 | D:10     | Reached skill level 16 in Axes
  9473 | D:10     | Noticed Nergalle
  9484 | D:10     | Noticed a spectral orc warlord
  9495 | D:10     | Killed Nergalle
  9601 | D:10     | Reached XP level 11. HP: 60/99 MP: 4/4
  9625 | D:10     | Reached skill level 5 in Armour
  9953 | D:10     | Noticed Urug
  9969 | D:10     | Killed Urug
 10316 | D:10     | Noticed Eustachio
 10327 | D:10     | Killed Eustachio
 10327 | D:10     | Acquired Okawaru's second power
 10976 | D:11     | Reached skill level 10 in Armour
 11022 | D:11     | Found a staircase to the Lair.
 11050 | Lair:1   | Entered Level 1 of the Lair of Beasts
 11138 | Lair:1   | Got a heavily runed marble ring
 11171 | Lair:1   | Noticed a four-headed hydra
 11230 | D:11     | Killed a 11-headed hydra
 11232 | D:11     | Received a gift from Okawaru
 12056 | Lair:2   | Reached XP level 12. HP: 86/106 MP: 10/13
 12363 | Lair:2   | Found a labyrinth entrance.
 12604 | Lair:3   | Found a staircase to the Snake Pit.
 12657 | Lair:3   | Reached skill level 5 in Invocations
 12666 | Lair:3   | Reached skill level 5 in Evocations
 12692 | Lair:3   | Noticed a four-headed hydra
 12707 | Lair:3   | HP: 2/106 [ten-headed hydra (8)]
 12707 | Lair:3   | Slain by a ten-headed hydra

Action                   |  1- 3 |  4- 6 |  7- 9 | 10-12 || total
-------------------------+-------+-------+-------+-------++-------
Melee: Hand axe          |   105 |   160 |   218 |       ||   483
       Broad axe         |       |       |   195 |   630 ||   825
       Dagger            |       |       |     6 |       ||     6
 Fire: Blowgun           |       |       |       |     1 ||     1
Throw: Dart              |     9 |     1 |    13 |       ||    23
       Javelin           |       |       |       |     9 ||     9
Invok: Heroism           |       |       |     1 |    12 ||    13
Evoke: Wand              |       |     3 |     9 |     8 ||    20
  Use: Scroll            |       |     1 |    15 |     8 ||    24
       Potion            |       |     1 |     5 |     3 ||     9
 Stab: Invisible         |       |       |       |     2 ||     2
